 Dungeon Crawl Stone Soup version 0.29.1-2-gbd0b4ee654 (webtiles) character file.

Game seed: 18203170373114231696

1019 KittyFluff the Cudgeller (level 8, -17/73 HPs)
             Began as a Gargoyle Berserker on Oct 26, 2022.
             Was a Believer of Trog.
             Demolished by an ogre
             ... wielding a +0 giant club
              (21 damage)
             ... on level 5 of the Dungeon.
             The game lasted 00:32:29 (7565 turns).

KittyFluff the Cudgeller (Gargoyle Berserker)       Turns: 7565, Time: 00:32:30

Health: -17/73     AC:  9    Str: 20    XL:     8   Next: 22%
Magic:  8/8        EV: 12    Int:  9    God:    Trog [**....]
Gold:   87         SH:  0    Dex: 11    Spells: 7/7 levels left

rFire   . . .      SeeInvis .   a - +0 mace
rCold   . . .      Faith    .   (no shield)
rNeg    + + .      Spirit   .   n - +0 leather armour
rPois   ∞          Reflect  .   (no helmet)
rElec   +          Harm     .   (no cloak)
rCorr   .          Rampage  .   (no gloves)
Will    .....                   (no boots)
Stlth   ..........              (no amulet)
HPRegen 0.22/turn               j - ring of positive energy
MPRegen 0.11/turn               (no ring)

@: berserking, very quick
A: sickness immunity, AC +5, negative energy resistance 1, electricity
resistance, torment resistance 1, petrification resistance
a: Renounce Religion, Berserk, Trog's Hand


You were on level 5 of the Dungeon.
You worshipped Trog.
Trog was pleased with you.
You visited 1 branch of the dungeon, and saw 6 of its levels.

You collected 257 gold pieces.
You spent 170 gold pieces at shops.

Inventory:

Hand Weapons
 a - a +0 mace (weapon)
 s - a +0 sling
 A - a +0 morningstar
Missiles
 c - 3 poisoned darts
 t - a throwing net
 u - 4 curare-tipped darts (quivered)
Armour
 n - a +0 leather armour (worn)
Jewellery
 j - a ring of positive energy (left hand)
 k - a ring of fire
 o - the ring of the Unkillable {rN+ Str-4 Int+8 Dex+7}
   (You took it off a hobgoblin on level 3 of the Dungeon)

   [ring of positive energy]

   Str:       It affects your strength (-4).
   Int:       It affects your intelligence (+8).
   Dex:       It affects your dexterity (+7).
   rN:        It protects you from negative energy.
Wands
 e - a wand of mindburst (8)
 p - a wand of light (13)
 y - a wand of flame (17)
Scrolls
 b - a scroll of vulnerability {unknown}
 d - 2 scrolls of fog
 g - 2 scrolls of enchant armour
 l - 2 scrolls of magic mapping
 r - 2 scrolls of poison
 v - a scroll of silence {unknown}
 x - 2 scrolls of teleportation {unknown}
 z - a scroll of blinking
Potions
 f - 3 potions of heal wounds
 h - a potion of haste
 i - 2 potions of mutation
 m - a potion of curing
 q - a potion of resistance
 w - 2 potions of flight
 B - 2 potions of magic


   Skills:
 + Level 5.1 Fighting
 + Level 6.3(6.6) Maces & Flails
 * Level 2.6(4.8) Staves
 + Level 0.3 Throwing
 * Level 4.8 Armour
 + Level 3.2 Dodging
 + Level 2.0 Stealth


You had 7 spell levels left.
You didn't know any spells.
Your spell library was empty.

Dungeon Overview and Level Annotations

Branches:
Dungeon (6/15)             Temple (0/1) D:5

Altars:
Elyvilon
Vehumet
Wu Jian
Xom

Shops:
D:3 ?   D:4 (


Innate Abilities, Weirdness & Mutations

You are immune to sickness and miasma.
Your stone body is resilient. (AC +5)
You are immune to poison.
You resist negative energy. (rN+)
You are resistant to electric shocks. (rElec)
You are resistant to unholy torment.
You are immune to petrification.


Message History

Found a scroll labelled HAISTR WIATOTI.
You see here a +0 robe.
x - 2 scrolls labelled HAISTR WIATOTI (gained 1)
You see here a +0 robe.
You see here a +0 robe.
As you read the scroll of identify, it crumbles to dust.
w - 2 potions of flight
As you read the scroll of identify, it crumbles to dust.
B - 2 potions of magic
As you read the scroll of identify, it crumbles to dust.
z - a scroll of blinking
Found a dagger.
Found a runed copper wand.
p - a wand of light (13)
Found a stone staircase leading up.
Found a stone staircase leading down.
An ogre comes into view. It is wielding a +0 giant club.
Found a trident.
The ogre shouts!
The ogre hits you with a +0 giant club!
You hit the ogre.
The ogre is lightly wounded.
The ogre hits you with a +0 giant club!
You hit the ogre but do no damage.
The ogre is lightly wounded.
You hit the ogre.
The ogre is lightly wounded.
The ogre hits you with a +0 giant club!!
* * * LOW HITPOINT WARNING * * *
A red film seems to cover your vision as you go berserk!
You feel yourself moving faster!
You feel mighty!
A hound comes into view.
The ogre hits you with a +0 giant club.
* * * LOW HITPOINT WARNING * * *
You barely miss the ogre.
The ogre is lightly wounded.
You hit the ogre.
The ogre is moderately wounded.
The ogre hits you with a +0 giant club!!
You die...

..........###########.#####.#
.####.............# #... ##
#.###.#######.# ####. #.# #.#
#.# # #.# #># #.# #.# #.# #.#
#.# #.# #.# #.###>#######.#
#.#......h)O@.# .
#.#.#...####### # #.#... ####
#.#.# ..# #...# .# .: ##..#
.## # #..# #..### #..#
#.....# #..# ##.......


You could see an ogre and a hound.

Vanquished Creatures
  Duvessa (D:6)
  A black bear (D:5)
  3 scorpions (D:5)
  Dowan (D:6)
  4 killer bees (D:6)
  3 hounds
  2 jellies
  An iguana (D:5)
  Natasha (thrice) (D:4)
  4 gnolls (D:3)
  4 adders
  An ufetubus (D:6)
  2 worms
  3 dart slugs
  9 orcs
  5 ball pythons
  6 endoplasms
  3 giant cockroaches
  6 goblins
  17 hobgoblins
  6 quokkas
  4 bats
  3 frilled lizards
  5 kobolds
  5 rats
102 creatures vanquished.

Vanquished Creatures (others)
  5 plants (D:5)
5 creatures vanquished.

Grand Total: 107 creatures vanquished

Notes
Turn   | Place    | Note
-------+----------+-------------------------------------------
     0 | D:1      | KittyFluff the Gargoyle Berserker began the quest for the
                  | Orb.
     0 | D:1      | Reached XP level 1. HP: 14/14 MP: 1/1
   351 | D:1      | Reached XP level 2. HP: 17/19 MP: 2/2
   367 | D:1      | Found a faded altar of an unknown god.
   796 | D:1      | Reached XP level 3. HP: 23/24 MP: 3/3
  2296 | D:2      | Reached XP level 4. HP: 21/29 MP: 4/4
  2539 | D:3      | Reached ** piety under Trog
  2714 | D:3      | Identified the ring of the Unkillable {rN+ Str-4 Int+8
                  | Dex+7}
  2730 | D:3      | Reached skill level 4 in Maces & Flails
  3107 | D:3      | Reached XP level 5. HP: 29/33 MP: 5/5
  3129 | D:3      | Reached skill level 1 in Stealth
  3312 | D:3      | Found Ynuemawk's Magic Scroll Boutique.
  3396 | D:3      | Found a white marble altar of Elyvilon.
  3396 | D:3      | Found an ornate altar of the Wu Jian Council.
  3404 | D:3      | Found a radiant altar of Vehumet.
  3407 | D:3      | Found a faded altar of an unknown god.
  3409 | D:3      | Found a shimmering altar of Xom.
  3478 | D:3      | Bought a scroll of identify for 22 gold pieces
  3478 | D:3      | Bought a scroll of identify for 22 gold pieces
  3478 | D:3      | Bought a scroll of identify for 22 gold pieces
  3478 | D:3      | Bought a scroll of identify for 22 gold pieces
  3478 | D:3      | Bought a scroll of enchant armour for 82 gold pieces
  3525 | D:4      | Noticed Natasha
  3541 | D:4      | Killed Natasha
  3832 | D:4      | Noticed Natasha
  3839 | D:4      | Killed Natasha
  3840 | D:4      | Reached XP level 6. HP: 26/38 MP: 6/6
  4094 | D:4      | Found Zuholotre's Antique Weapon Boutique.
  4135 | D:4      | Noticed Natasha
  4143 | D:4      | Killed Natasha
  4144 | D:4      | Reached skill level 5 in Maces & Flails
  4171 | D:5      | Entered Level 5 of the Dungeon
  4171 | D:5      | Found a staircase to the Ecumenical Temple.
  4201 | D:5      | You fall into a shaft and drop 1 floor!
  4380 | D:6      | Noticed Duvessa
  4386 | D:6      | Noticed Dowan
  4395 | D:6      | Killed Duvessa
  4396 | D:6      | Reached skill level 1 in Staves
  4396 | D:6      | Reached XP level 7. HP: 35/44 MP: 7/7
  4768 | D:6      | Killed Dowan
  6245 | D:5      | Reached skill level 5 in Fighting
  6245 | D:5      | Reached skill level 6 in Maces & Flails
  6646 | D:5      | Reached XP level 8. HP: 49/49 MP: 8/8
  7565 | D:5      | Demolished by an ogre

Illustrated notes

Levels and vault maps discovered:
D:1:      elethiomel_arrival_infinity_welcomes_careful_drivers, layout_basic,
          hellmonk_ecumenical_altar_heavens_door
D:2:      layout_basic
D:3:      layout_basic, chequers_temple_overflow_minitemple, serial_shops,
          shop_scrolls, grunt_ministairs_8, nicolae_eternal_life
D:4:      layout_cave_pools, serial_shops, kennysheep_mini_moat, uniq_natasha
D:5:      minmay_general_purpose_star, layout_loops_ring,
          minmay_temple_entry_overgrown
D:6:      layout_basic, amcnicky_mini_pool_small,
          chequers_hall_statues_corner_a, uniq_duvessa

Skill      XL: |  1  2  3  4  5  6  7  8 |
---------------+-------------------------+-----
Dodging        | 2 3 |  3.2
Armour         | 3 4 |  4.8
Maces & Flails | 4 5 6 |  6.3
Fighting       | 4 5 |  5.1
Stealth        | 1 2 |  2.0
Staves         | 1 2 |  2.6
Throwing       | |  0.3

Action                   |  1- 3 |  4- 6 |  7- 9 || total
-------------------------+-------+-------+-------++-------
Melee: Mace              |   131 |   167 |   167 ||   465
       Punch             |     1 |     4 |     2 ||     7
Throw: Dart              |       |       |     7 ||     7
       Throwing net      |       |       |     1 ||     1
Invok: Berserk           |     1 |     3 |     8 ||    12
       Trog's Hand       |       |       |     1 ||     1
  Use: Scroll            |       |    11 |     3 ||    14
       Potion            |       |       |     1 ||     1
Armor: Animal skin       |    41 |     9 |       ||    50
       Leather armour    |       |    36 |    89 ||   125
       Skin              |       |     1 |       ||     1
Dodge: Dodged            |    87 |    89 |   155 ||   331
